 Dungeon Sprint DCSS version 0.32-a0 (webtiles) character file.

Game seed: 4539747587209648001

2 Conn the Firebug (level 1, -12/11 HPs)
             Began as an Octopode Fire Elementalist on Jan 13, 2024.
             Mangled by a crocodile (15 damage)
             ... in the Dungeon (Sprint II: "The Violet Keep of Menkaure").
             The game lasted 00:02:01 (54 turns).

Conn the Firebug (Octopode Fire Elementalist)         Turns: 54, Time: 00:02:01

Health: -12/11     AC:  1    Str:  7    XL:     1   Next: 40%
Magic:  0/3        EV: 13    Int: 17    God:
Gold:   0          SH:  0    Dex: 12    Spells: 3/4 levels left

rFire   . . .        (no weapon)
rCold   . . .        (no shield)
rNeg    . . .        (helmet restricted)
rPois   .            (no amulet)
rElec   .            (no ring)
rCorr   .            (no ring)
SInv    .            (no ring)
Will    .....        (no ring)
Stlth   +++          (no ring)
HPRegen 0.21/turn    (no ring)
MPRegen 0.08/turn    (no ring)
                     (no ring)

%: no teleportation
@: on berserk cooldown, slowed, very slow
A: almost no armour, amphibious, 8 rings, camouflage 1, gelatinous body 1,
(nimble swimmer 1), tentacles
a: no special abilities


You were in the Dungeon.
You visited 1 branch

Inventory:

Potions
 a - 2 potions of magic


   Skills:
 + Level 2.2 Dodging
 + Level 2.9 Stealth
 * Level 2.2 Spellcasting
 * Level 1.0 Conjurations
 + Level 3.6 Fire Magic


You had 3 spell levels left.
You knew the following spells:

 Your Spells              Type           Power      Damage    Failure   Level
a - Foxfire               Conj/Fire      36%        2x1d5     7%          1

Your spell library contained the following spells:

 Spells                   Type           Power      Damage    Failure   Level
 Scorch                   Fire           28%        2d6       6%          2
 Inner Flame              Hex/Fire       8%         N/A       26%         3
 Volatile Blastmotes      Fire/Tloc      16%        2d11      26%         3
 Flame Wave               Conj/Fire      9%         2d6       56%         4


Dungeon Overview and Level Annotations

Branches:
Dungeon (1/1)

Altars:
Cheibriados
Hepliaklqana

Annotations:
D Menkaure


Innate Abilities, Weirdness & Mutations

You cannot wear most types of armour.
You are amphibious.
You can wear up to eight rings at the same time.
Your skin changes colour to match your surroundings (Stealth+).
Your rubbery body absorbs attacks. (AC +1, EV +1)
((You are camouflaged when in or above water. (Stealth+)))
You have tentacles for arms and can constrict up to eight enemies at once.


Message History

Found a hazy altar of Hepliaklqana and a snail-covered altar of Cheibriados.
Unknown command.
You aren't carrying any scrolls.
Unknown command.
Unknown command.
Unknown command.
Unknown command.
Unknown command.
Casting: Foxfire (safe; 7% risk of failure)
Confirm with . or Enter, or press ? or * to list all spells.
You conjure some foxfire!
The crocodile barely misses you. The crocodile closely misses you.
Unknown command.
Casting: Foxfire (safe; 7% risk of failure)
Confirm with . or Enter, or press ? or * to list all spells.
You conjure some foxfire!
The foxfire hits the crocodile but does no damage.
The foxfire hits the crocodile.
The crocodile is lightly wounded.
The crocodile misses you.
Casting: Foxfire (safe; 7% risk of failure)
Confirm with . or Enter, or press ? or * to list all spells.
You conjure some foxfire!
The foxfire hits the crocodile but does no damage.
The crocodile is lightly wounded.
The foxfire hits the crocodile but does no damage.
The crocodile is lightly wounded.
The crocodile bites you!
Ouch! That really hurt!
* * * LOW HITPOINT WARNING * * *
The crocodile drags you backwards! The crocodile closely misses you.
Casting: Foxfire (safe; 7% risk of failure)
Confirm with . or Enter, or press ? or * to list all spells.
You conjure some foxfire!
The foxfire hits the crocodile.
The crocodile is lightly wounded.
The foxfire hits the crocodile but does no damage.
The crocodile is lightly wounded.
The crocodile bites you!
Ouch! That really hurt!
You die...

~~~..M..§...#
~~~.##w##..# ~
##.#.##M###
#..##w#.... #
##.$### #w.## #3
##†# .##..#
#.##.##.m.#..#
#+.<.+$# +v.###
###.##...#l@v§#
#+#
.##..§§..~~~~
.#. #~~.§...~#+#
k# #k
~~~~~~~..~#.. ##
##~~§§§~~~.~#._
#~~~≈§≈~§~~~#_.
~~~~~~≈≈≈≈§§~#._
+++#~§§§§≈≈§~#..


You could see a crocodile (ally target) and a ribbon worm.

Vanquished Creatures
  A ribbon worm (D)
1 creature vanquished.

Vanquished Creatures (others)
  12 foxfires (D)
12 creatures vanquished.

Grand Total: 13 creatures vanquished

Notes
Turn   | Place    | Note
-------+----------+-------------------------------------------
     0 | D        | Conn the Octopode Fire Elementalist began the quest for the
                  | Orb.
     0 | D        | Reached XP level 1. HP: 11/11 MP: 3/3
     2 | D        | Noticed a neqoxec
     8 | D        | Noticed a merfolk siren
    11 | D        | Noticed a wyvern
    11 | D        | Noticed a wyvern
    44 | D        | Noticed an electric eel
    44 | D        | Noticed an electric eel
    45 | D        | Noticed an electric eel
    45 | D        | Noticed an electric eel
    45 | D        | Noticed an electric eel
    46 | D        | Noticed an electric eel
    46 | D        | Noticed an electric eel
    46 | D        | Noticed Menkaure
    48 | D        | Noticed a crocodile
    50 | D        | Found a hazy altar of Hepliaklqana.
    50 | D        | Found a snail-covered altar of Cheibriados.
    54 | D        | Mangled by a crocodile

Illustrated notes

Levels and vault maps discovered:
D:        the_violet_keep_of_menkaure [sprint2_stairs_cluster_1,
          sprint2_shoproom, sprint2_temple, sprint2_basic_supplies,
          sprint2_obstacle_1, sprint2_obstacle_5, sprint2_obstacle_7,
          sprint2_obstacle_3, sprint2_obstacle_6, sprint2_timed_cluster_1,
          sprint2_smallroom_cluster_1, sprint2_smallroom_final_cluster_1,
          sprint2_transparent_cluster_1, sprint2_second_timed_cluster_1,
          sprint2_sniper_area_1, sprint2_heavy_combat_area_1,
          sprint2_mutation_trap_area_1, sprint2_forest_area_1,
          sprint2_light_combat_area_1, sprint2_behind_water_1,
          sprint2_near_end_vault_1]

Action                     || total
---------------------------++-------
  Melee: Unarmed           ||     6
         Constrict         ||     2
   Cast: Foxfire           ||     7
    Use: Potion            ||     5
         Scroll            ||     1
 Armour: Skin              ||     8
  Dodge: Dodged            ||    11

Table legend: (Time is in decaauts)
 A = Elapsed time spent in this place.
 B = Non-inter-level travel time spent in this place.
 C = Inter-level travel time spent in this place.
 D = Time resting spent in this place.
 E = Time spent auto-exploring this place.
 F = Levels seen in this place.
 G = Mean time per level.
                   A        B        C        D        E       F      G
               +--------+--------+--------+--------+--------+-----+--------+
         Total |     45 |     45 |      0 |      0 |      0 |   1 |   45.0 |
       Dungeon |     45 |     45 |      0 |      0 |      0 |   1 |   45.0 |
               +--------+--------+--------+--------+--------+-----+--------+

Top non-repeatable levels by time:
       D: 45 daAuts
